 Dungeon Crawl Stone Soup version 0.20.0-15-g7f486f2 (webtiles) character file.

578 Chiseanne the Magician (level 7, 46/46 HPs)
             Began as a Demonspawn Wizard on June 15, 2017.
             Quit the game on level 4 of the Dungeon.
             The game lasted 00:10:43 (6651 turns).

Chiseanne the Magician (Demonspawn Wizard)          Turns: 6651, Time: 00:10:44

Health: 46/46      AC:  7    Str: 11    XL:     7   Next: 13%
Magic:  4/15       EV: 12    Int: 21    God:
Gold:   273        SH:  0    Dex: 11    Spells: 8/17 levels left

rFire    . . .     SeeInvis .   a - +4 rapier (elec)
rCold    . . .     Gourm    .   (no shield)
rNeg     . . .     Faith    .   h - +0 robe
rPois    .         Spirit   .   b - +0 hat
rElec    .         Reflect  .   (no cloak)
rCorr    .         Harm     .   u - +0 pair of gloves
MR       +....                  j - +1 pair of boots
Stlth    ++........             (no amulet)
Regen    0.2/turn               e - ring of protection from magic
MPRegen  0.2/turn               v - +3 ring of strength

@: no status effects
A: antennae 1, iridescent scales 1, powered by pain 1
a: no special abilities


You were on level 4 of the Dungeon.
You were hungry.

You visited 2 branches of the dungeon, and saw 5 of its levels.
You also visited: Sewer.

You collected 273 gold pieces.

Inventory:

Hand Weapons
 a - a +4 rapier of electrocution (weapon)
Missiles
 c - 18 sling bullets
 f - 24 poisoned needles
 g - 59 stones (quivered)
 s - 54 bolts
 D - 2 tomahawks
 E - 14 arrows
Armour
 b - a +0 hat (worn)
 h - a +0 robe (worn)
 j - a +1 pair of boots (worn)
 u - a +0 pair of gloves (worn)
Jewellery
 e - a ring of protection from magic (left hand)
 v - a +3 ring of strength (right hand)
Scrolls
 i - 3 scrolls of teleportation
 k - 3 scrolls of recharging
 n - a scroll of immolation
 p - 3 scrolls of fog
 t - 3 scrolls of blinking
 x - 7 scrolls of amnesia
 y - a scroll of magic mapping
 z - 2 scrolls of remove curse
Potions
 l - 2 potions of curing
 o - 2 potions of flight
 q - a potion of resistance
 r - 5 potions of heal wounds {unknown}
 w - a potion of haste
 A - a potion of berserk rage
 B - a potion of brilliance {unknown}
 C - 2 potions of magic {unknown}
Comestibles
 d - 4 bread rations
 m - 3 royal jellies
 F - 6 chunks of flesh


   Skills:
 - Level 1.7 Dodging
 - Level 1.7 Stealth
 * Level 5.8 Spellcasting
 * Level 5.3 Conjurations
   Level 1.0 Summonings
 - Level 0.8 Translocations


You had 8 spell levels left.
You knew the following spells:

 Your Spells              Type           Power        Failure   Level  Hunger
a - Magic Dart            Conj           ####         1%          1    None
b - Blink                 Tloc           N/A          11%         2    None
c - Conjure Flame         Conj/Fire      ###.....     10%         3    ##.....
d - Mephitic Cloud        Conj/Pois/Air  ##......     14%         3    ##.....


Dungeon Overview and Level Annotations

Branches:
Dungeon (4/15)             Temple (1/1) D:4

Altars:
Ashenzari
Cheibriados
Dithmenos
Elyvilon
Fedhas
Gozag
Kikubaaqudgha
Makhleb
Nemelex Xobeh
Qazlal
Ru
Trog
Uskayaw
Yredelemnul
The Shining One


Innate Abilities, Weirdness & Mutations

You have a pair of small antennae on your head.
You are partially covered in iridescent scales. (AC +2)
You sometimes gain a little power by taking damage.


Message History

You hit the orc.
You kill the orc!
Things that are here:
a leather armour; an orc corpse
f - 24 poisoned needles (gained 11)
Things that are here:
a leather armour; an orc corpse You now have 273 gold pieces (gained 10).
Things that are here:
a leather armour; an orc corpse You butcher the orc corpse.
F - 6 chunks of flesh (gained 3)
You see here a leather armour.
Things that are here:
a dagger; a robe; an orc corpse
Things that are here:
a dagger; a robe
Things that are here:
a flail; a ring mail; an orc corpse Are you sure you want to abandon this character and quit the game? (Confirm with "yes".)

#
#.............#####.##....
...............##.........
##...
#.................... #..#
#....[...####...##... ##.#
#........#..#..# ####
#####..## #..)>.._.#(.#.#
# ........# ##..)....#(.#.
....##..## #.......####
....###..### #..@........
...## ##...###..[####.#..
...# ##...##>### .... ..
..## ##.....# .. ..
..######......## #
...#..........#
#รท............#
#........#....###
#......###......


You could see 2 dancing weapons.

Vanquished Creatures
  Duvessa (D:4)
  A bullfrog (Sewer)
  Dowan (D:4)
  A hound (D:4)
  2 orc wizards (D:4)
  15 adders
  4 river rats (Sewer)
  3 worms
  3 dart slugs
  6 leopard geckos
  7 orcs
  9 ball pythons
  2 giant cockroaches
  11 hobgoblins
  3 jackals (D:4)
  8 kobolds
  2 quokkas (D:2)
  6 bats
  5 frilled lizards
  8 goblins
  34 rats
132 creatures vanquished.

Notes
Turn   | Place    | Note
-------+----------+-------------------------------------------
     0 | D:1      | Chiseanne the Demonspawn Wizard began the quest for the Orb.
     0 | D:1      | Reached XP level 1. HP: 13/13 MP: 4/4
   251 | D:1      | Gained mutation: You are partially covered in iridescent scales. (AC +2) [demonic ancestry]
   251 | D:1      | Reached XP level 2. HP: 13/19 MP: 0/6
  1639 | D:1      | Learned a level 2 spell: Blink
  1672 | D:1      | Reached XP level 3. HP: 24/24 MP: 6/8
  1691 | D:2      | Found a blossoming altar of Fedhas.
  2004 | D:2      | Found an ancient bone altar of Kikubaaqudgha.
  2622 | D:2      | Reached XP level 4. HP: 17/30 MP: 1/9
  2971 | D:2      | Learned a level 3 spell: Conjure Flame
  2975 | D:2      | Learned a level 3 spell: Mephitic Cloud
  4035 | D:3      | Reached XP level 5. HP: 34/35 MP: 1/11
  4470 | D:4      | Noticed Duvessa
  4470 | D:4      | Noticed Dowan
  4498 | D:4      | Killed Duvessa
  4676 | D:4      | Killed Dowan
  4676 | D:4      | Reached skill level 5 in Spellcasting
  4676 | D:4      | Gained mutation: You sometimes gain a little power by taking damage. [demonic ancestry]
  4676 | D:4      | Reached XP level 6. HP: 36/41 MP: 4/13
  4835 | D:4      | Found a staircase to the Ecumenical Temple.
  4858 | Temple   | Entered the Ecumenical Temple
  5040 | D:4      | Noticed a hand axe
  5041 | D:4      | Noticed a dagger
  5176 | D:4      | Found a glowing drain.
  5180 | Sewer    | Entered a sewer
  6038 | Sewer    | Reached skill level 5 in Conjurations
  6612 | D:4      | Found a hide-covered altar of Uskayaw.
  6629 | D:4      | Gained mutation: You have a pair of small antennae on your head. [demonic ancestry]
  6629 | D:4      | Reached XP level 7. HP: 44/46 MP: 1/15
  6651 | D:4      | Quit the game

Skill      XL: |  1  2  3  4  5  6 |
---------------+-------------------+-----
Conjurations   | 2 3 4 5 |  5.3
Spellcasting   | 4 5 |  5.8
Dodging        | |  1.7
Stealth        | |  1.7
Summonings     | |  1.0
Translocations | |  0.8

Action                   |  1- 3 |  4- 6 |  7- 9 || total
-------------------------+-------+-------+-------++-------
Melee: Club              |     6 |       |       ||     6
       Unarmed           |     2 |       |       ||     2
       Mace              |     3 |    12 |       ||    15
       Rapier            |       |     6 |     4 ||    10
 Cast: Magic Dart        |   100 |   198 |       ||   298
       Mephitic Cloud    |       |     9 |       ||     9
       Blink             |       |     2 |       ||     2
  Use: Scroll            |       |    16 |       ||    16
       Potion            |       |     6 |       ||     6
 Stab: Confused          |       |     1 |       ||     1
  Eat: Chunk             |     5 |    12 |       ||    17
Armor: Robe              |     8 |    22 |       ||    30
Dodge: Dodged            |    18 |    50 |     1 ||    69
